 Dungeon Crawl Stone Soup version 0.21-a0-39-g28ea6b7 (webtiles) character file.

553 Duffy the Conjurer (level 7, -5/46 HPs)
             Began as a Demonspawn Fire Elementalist on May 31, 2017.
             Killed from afar by an orc wizard (6 damage)
             ... with a magic dart
             ... on level 4 of the Dungeon.
             The game lasted 00:05:42 (4915 turns).

Duffy the Conjurer (Demonspawn Fire Elementalist)   Turns: 4915, Time: 00:05:43

Health: -5/46      AC:  4    Str:  8    XL:     7   Next: 8%
Magic:  3/13       EV: 17    Int: 19    God:
Gold:   204        SH:  2    Dex: 13    Spells: 6/14 levels left

rFire    . . .     SeeInvis .   p - -1 morningstar (curse)
rCold    . . .     Gourm    .   (no shield)
rNeg     + . .     Faith    .   a - +0 robe
rPois    .         Spirit   .   (no helmet)
rElec    .         Reflect  +   (no cloak)
rCorr    .         Harm     .   (no gloves)
MR       .....                  (no boots)
Stlth    ++........             o - +2 amulet of reflection
Regen    0.2/turn               e - ring of positive energy
MPRegen  0.2/turn               f - +5 ring of evasion

@: no status effects
A: hooves 1, iridescent scales 1, powered by pain 1
a: no special abilities


You were on level 4 of the Dungeon.
You were near starving.

You visited 1 branch of the dungeon, and saw 4 of its levels.

You collected 204 gold pieces.

Inventory:

Hand Weapons
 p - a cursed -1 morningstar (weapon)
Armour
 a - a +0 robe (worn)
Jewellery
 e - a ring of positive energy (left hand)
 f - a +5 ring of evasion (right hand)
 o - a +2 amulet of reflection (around neck)
Wands
 q - a wand of polymorph (12/24)
Scrolls
 g - a scroll of noise {unknown}
 j - 2 scrolls of remove curse {unknown}
 k - 4 scrolls of teleportation {unknown}
 l - a scroll of enchant weapon {unknown}
 m - 3 scrolls of identify {unknown}
 t - a scroll of fog {unknown}
 w - 2 scrolls of amnesia {unknown}
 x - a scroll of random uselessness {unknown}
Potions
 d - 3 potions of heal wounds {unknown}
 h - a potion of lignification {unknown}
 i - a potion of invisibility {unknown}
 n - a potion of mutation {unknown}
 r - a potion of haste {unknown}
 v - a potion of brilliance {unknown}
Books
 b - a book of Flames

   Spells                             Type                      Level
   a - Flame Tongue                   Conjuration/Fire             1
   b - Throw Flame                    Conjuration/Fire             2
   c - Conjure Flame                  Conjuration/Fire             3
   d - Inner Flame                    Hexes/Fire                   3
   e - Sticky Flame                   Conjuration/Fire             4
   f - Fireball                       Conjuration/Fire             5
Comestibles
 c - 3 bread rations
 s - 2 fruits
 u - a royal jelly


   Skills:
 - Level 1.7 Dodging
 - Level 1.7 Stealth
 + Level 4.0 Spellcasting
 * Level 5.2 Conjurations
 + Level 4.3 Fire Magic


You had 6 spell levels left.
You knew the following spells:

 Your Spells              Type           Power        Failure   Level  Hunger
a - Flame Tongue          Conj/Fire      ###..        1%          1    None
j - Sticky Flame          Conj/Fire      ###.....     19%         4    ####...
l - Conjure Flame         Conj/Fire      ###.....     6%          3    ###....


Dungeon Overview and Level Annotations

Branches:
Dungeon (4/15)
 Temple: D:4-7

Altars:

Annotations:
D:4 anet's ghost, novice DEWz


Innate Abilities, Weirdness & Mutations

You have large cloven feet.
You are partially covered in iridescent scales. (AC +2)
You sometimes gain a little power by taking damage.


Message History

Something hits you but does no damage.
Casting: Flame Tongue
Confirm with . or Enter, or press ? or * to list all spells.
Aiming: Flame Tongue
Press: ? - help, Shift-Dir - straight line, f - orc
Aim: an orc The flame tongue misses the orc.
Something hits you.
You closely miss something. Your kick misses something. The orc hits you.
You block something's attack.
Casting: Flame Tongue
Confirm with . or Enter, or press ? or * to list all spells.
Aiming: Flame Tongue
Press: ? - help, Shift-Dir - straight line, f/p - orc
Aim: an orc The flame tongue hits the orc.
You kill the orc!
You hear some strange, mumbled words.
A magic dart appears from out of thin air!
The magic dart hits you!
You die...

###..........# #####.#......
#.........######.....#####'#
#......#......##....## #.#
#......#......##.....# ###.#
#.....o#$...[.##.....###....
#...o..#......##.......#.#..
#.....o#......##.....#.#.##.
#....o.#....).##.......#....
#....o.#...@{.).....########
#......##..........#.
#?.....####+#...##.#.
#......# #.#.##.#. #......#
#.#....#. #......# #.#######
######## #.# #.#####
#.....###


There were no monsters in sight!

Vanquished Creatures
  A phantom (D:3)
  An ogre (D:3)
  A centaur zombie (D:4)
  2 hounds (D:3)
  An orc wizard (D:2)
  Ijyb (D:3)
  Terence (D:3)
  An iguana (D:4)
  A hound skeleton (D:4)
  2 adders (D:2)
  3 gnolls (D:3)
  3 oozes
  An adder zombie (D:1)
  A dart slug (D:1)
  8 leopard geckos
  10 orcs
  9 bats
  A bat zombie (D:1)
  3 giant cockroaches
  7 goblins
  11 hobgoblins
  A jackal (D:3)
  A quokka (D:2)
  2 ball pythons (D:1)
  6 frilled lizards
  10 kobolds
  5 rats
94 creatures vanquished.

Notes
Turn   | Place    | Note
-------+----------+-------------------------------------------
     0 | D:1      | Duffy the Demonspawn Fire Elementalist began the quest for the Orb.
     0 | D:1      | Reached XP level 1. HP: 13/13 MP: 3/3
   331 | D:1      | Gained mutation: You are partially covered in iridescent scales. (AC +2) [demonic ancestry]
   331 | D:1      | Reached XP level 2. HP: 19/19 MP: 1/5
   564 | D:1      | Reached skill level 2 in Conjurations
   690 | D:1      | Reached XP level 3. HP: 24/24 MP: 3/6
   695 | D:1      | Learned a level 3 spell: Conjure Flame
  2062 | D:2      | Gained mutation: You have large cloven feet. [demonic ancestry]
  2062 | D:2      | Reached XP level 4. HP: 30/30 MP: 5/8
  2535 | D:3      | Reached skill level 3 in Conjurations
  2744 | D:2      | Reached XP level 5. HP: 15/35 MP: 1/9
  3462 | D:3      | Noticed Ijyb
  3546 | D:3      | Learned a level 4 spell: Sticky Flame
  3607 | D:3      | Noticed an ogre
  3614 | D:3      | Killed an ogre
  3614 | D:3      | Reached skill level 4 in Conjurations
  3614 | D:3      | Reached XP level 6. HP: 41/41 MP: 1/11
  3711 | D:3      | Killed Ijyb
  3833 | D:3      | Noticed Terence
  3839 | D:3      | Killed Terence
  4394 | D:4      | Noticed anet's ghost (novice DEWz)
  4501 | D:3      | Reached skill level 5 in Conjurations
  4636 | D:4      | Gained mutation: You sometimes gain a little power by taking damage. [demonic ancestry]
  4636 | D:4      | Reached XP level 7. HP: 36/46 MP: 6/12
  4913 | D:4      | HP: 2/46 [something (1)]
  4915 | D:4      | Killed from afar by an orc wizard

Vault maps used:
D:1:      saegor_arrival_fortress
D:3:      uniq_ijyb, uniq_terence
D:4:      first_bread

Skill      XL: |  1  2  3  4  5  6  7 |
---------------+----------------------+-----
Conjurations   | 2 3 4 5 |  5.2
Fire Magic     | 3 4 |  4.3
Spellcasting   | 3 4 |  4.0
Dodging        | |  1.7
Stealth        | |  1.7

Action                   |  1- 3 |  4- 6 |  7- 9 || total
-------------------------+-------+-------+-------++-------
Melee: Morningstar       |       |       |    12 ||    12
 Cast: Flame Tongue      |    84 |   114 |    23 ||   221
       Conjure Flame     |       |     4 |       ||     4
       Sticky Flame      |       |     3 |       ||     3
  Eat: Chunk             |     4 |     8 |       ||    12
Armor: Robe              |    17 |     5 |     5 ||    27
Dodge: Dodged            |    29 |    34 |    15 ||    78
Block: Other             |       |     3 |     2 ||     5
